 Dungeon Crawl Stone Soup version 0.18-a0-1300-g6e8322c (webtiles) character file.

49 ololoev the Firebug (level 3, -4/19 HPs)
             Began as a Deep Elf Fire Elementalist on Feb 11, 2016.
             Slain by Menkaure (20 damage)
             ... on level 4 of the Dungeon.
             The game lasted 00:03:18 (485 turns).

ololoev the Firebug (Deep Elf Fire Elementalist)     Turns: 485, Time: 00:03:19

Health: -4/19      AC:  3    Str:  3 (5)  XL:     3   Next: 53%
Magic:  9/10       EV: 12    Int: 19 (20) God:
Gold:   51         SH:  0    Dex: 12 (15) Spells: 3 memorised, 2 levels left

rFire  . . .     SeeInvis .     a - +2 whip (elec)
rCold  . . .     Gourm    .     h - +0 robe
rNeg   . . .     Faith    .     (no shield)
rPois  .         Spirit   .     (no helmet)
rElec  .         Dismiss  .     (no cloak)
rCorr  +         Reflect  .     (no gloves)
SustAt .         Harm     .     l - +0 pair of boots
MR     .....                    (no amulet)
Stlth  ++........               (no ring)
                                n - ring of resist corrosion

@: not resistant to hostile enchantments, unstealthy
A: no striking features
a: no special abilities

Inventory:

Hand Weapons
 a - a +2 whip of electrocution (weapon)
Armour
 h - a +0 robe (worn)
 l - a +0 pair of boots (worn)
Jewellery
 n - a ring of resist corrosion (left hand)
Scrolls
 i - a scroll of magic mapping {unknown}
 k - a scroll of remove curse {unknown}
Potions
 g - a potion of heal wounds
Books
 b - a book of Flames

   Spells                             Type                      Level
   a - Flame Tongue                   Conjuration/Fire             1
   b - Throw Flame                    Conjuration/Fire             2
   c - Conjure Flame                  Conjuration/Fire             3
   d - Inner Flame                    Hexes/Fire                   3
   e - Sticky Flame                   Conjuration/Fire             4
   f - Fireball                       Conjuration/Fire             5
Comestibles
 c - 2 bread rations
 d - 2 meat rations
 f - a beef jerky
 m - 3 fruits


   Skills:
 - Level 2.4 Dodging
 - Level 2.4 Stealth
 + Level 3.5 Spellcasting
 * Level 2.9 Conjurations
 + Level 3.8 Fire Magic


You had 2 spell levels left.
You knew the following spells:

 Your Spells              Type           Power        Failure   Level  Hunger
a - Flame Tongue          Conj/Fire      ###..        4%          1    None
b - Conjure Flame         Conj/Fire      ###.....     12%         3    ###....
e - Inner Flame           Hex/Fire       ##......     21%         3    ###....


You were on level 4 of the Dungeon.
You were not hungry.

You visited 1 branch of the dungeon, and saw 4 of its levels.

You collected 51 gold pieces.

##.#########....######.#
###..###".(###...........#
#....##%...%##....######..
##....#$.....%#.##.# ###
#.....#.......####.# #
#....##).....$# #.# #
#....# #.....# #.# #
#..### #.MS# #.# #
#.########@#### #.#
#.(...........# #.# ##
#.............# #.# #..
#.............# #.# #.#
####+########.# #.# #.# .#
#.# #.. ####.# #.. #....#
##.. ###### #...

Notes
Turn   | Place    | Note
--------------------------------------------------------------
     0 | D:1      | ololoev the Deep Elf Fire Elementalist began the quest for the Orb.
     0 | D:1      | Reached XP level 1. HP: 10/10 MP: 6/6
   103 | D:3      | Reached XP level 2. HP: 15/15 MP: 0/8
   151 | D:4      | Found an oddly glowing altar of Pakellas.
   208 | D:3      | Found a white marble altar of Elyvilon.
   379 | D:4      | Reached XP level 3. HP: 8/19 MP: 2/10
   384 | D:4      | Learned a level 3 spell: Conjure Flame
   388 | D:4      | Learned a level 3 spell: Inner Flame
   480 | D:4      | Noticed Menkaure
   485 | D:4      | Slain by Menkaure

Dungeon Overview and Level Annotations

Branches:
Dungeon (4/15)
 Temple: D:4-7

Altars:
Elyvilon
Pakellas

Annotations:
D:4 Menkaure


Message History

l - a pair of boots Wear which item? (? for menu, Esc to quit)
You start putting on your armour.
You continue putting on your pair of boots. x4
You finish putting on your +0 pair of boots.
You now have 51 gold pieces (gained 14).
As you open the door, it creaks loudly!
Menkaure, Prince of Dust comes into view.
Menkaure shouts!
Menkaure mumbles, "Let me perform the rites..."
Found 15 gold pieces, a beef jerky and a bread ration.
A ball python comes into view.
Found five items.
There is an open door here.
Press: ? - help, v - describe, . - travel, g - get item A runed bronze amulet.
The floor.
Unknown command.
You aren't carrying any items that can be evoked.
Unknown command.
Drink which item? (? for menu, Esc to quit)
It was a potion of heal wounds.
You feel much better. Menkaure barely misses you.
Drink which item? (? for menu, Esc to quit)
It was a potion of degeneration.
There was something very wrong with that liquid.
You feel weakened.
You feel dopey.
You feel clumsy.
Drink which item? (? for menu, Esc to quit)
It was a potion of curing.
You feel better. Menkaure hits you.
Casting: Flame Tongue
Confirm with . or Enter, or press ? or * to list all spells.
Aiming: Flame Tongue
Press: ? - help, Shift-Dir - straight line, f - Menkaure
Aim: Menkaure The flame tongue hits Menkaure.
Menkaure is burned terribly!
Menkaure is moderately damaged.
The ball python bites you. The ball python barely misses you.
Menkaure hits you!!
Ouch! That really hurt!
You die...

You could see Menkaure and a ball python.

Vanquished Creatures
  A worker ant (D:4)
  An adder (D:3)
  A worm (D:2)
  A giant gecko (D:3)
  An orc (D:3)
  3 giant cockroaches
  A goblin (D:3)
  A hobgoblin (D:3)
  A quokka (D:3)
  2 giant newts
13 creatures vanquished.

Vanquished Creatures (others)
  A giant cockroach (D:3)
1 creature vanquished.

Grand Total: 14 creatures vanquished

Action                   || total
-------------------------++-------
Melee: Dagger            ||     2
       Whip              ||    10
 Cast: Flame Tongue      ||    18
  Use: Potion            ||     3
 Stab: Sleeping          ||     3

Vault maps used:
D:1:      lemuel_arrival_hallway
D:2:      wad_river_or_something, amethyst_overflow_temple_binary
D:3:      elyvilon_altar_4, first_bread, hex_large, tgw_xom,
          uniq_crazy_yiuf_cottage, uniq_jessica
D:4:      minmay_opposing_rooms, overflow_temple_1_default,
          corexii_item_surrounded_by_moat, hangedman_decor_points, uniq_menkaure
